 Dungeon Crawl Stone Soup version 0.31-a0-102-g33a4ccc0cb (webtiles) character file.

Game seed: 15026414793538807826

204998 juan097 the Warrior (level 19, -3/128 HPs)
             Began as a Djinni Venom Mage on May 26, 2023.
             Was a High Priest of Hepliaklqana.
             Slain by a sea snake (11 damage)
             ... on level 2 of the Shoals.
             The game lasted 02:35:05 (42268 turns).

juan097 the Warrior (Djinni Venom Mage)            Turns: 42268, Time: 02:35:05

Health: -3/128     AC: 18    Str: 10    XL:     19   Next: 37%
Gold:   4063       EV: 18    Int: 27    God:    Hepliaklqana [*****.] SH:  0 Dex: 19

rFire   + + .        b - staff of poison
rCold   + . .        (no shield)
rNeg    . . .        I - +3 ring mail {rC+}
rPois   ∞            u - +0 mask of the Dragon {Will+ Slay+3 SInv}
rElec   .            J - +0 cloak of Gozag's Benevolence {Rampage Will+ Str+3 Dex-2}
rCorr   .            q - +2 pair of gloves
SInv    +            (boots unavailable)
Will    +++..        t - amulet "Cetuz" {Acrobat Fragile rC+ Dex+3}
Stlth   ++           E - +6 ring of intelligence
HPRegen 0.41/turn    s - +4 ring of protection {=R}
MPRegen 0.00/turn

%: acrobat, rampage, infuse magic (-4 HP)
@: radiating poison, flying
A: reduced essence, sickness immunity, fire resistance 2, cold vulnerability 1,
float, innate caster, HP casting, extra vitality 1
}: 1/15 runes: gossamer
a: Renounce Religion, Recall Ancestor, Ancestor Identity, Transference, Idealise


You were on level 2 of the Shoals.
You worshipped Hepliaklqana.
Hepliaklqana was extremely pleased with you.
You visited 6 branches of the dungeon, and saw 29 of its levels.
You also visited: Bailey, Gauntlet and Ice Cave.

You collected 4714 gold pieces.
You spent 651 gold pieces at shops.

Inventory:

Hand Weapons
 a - the +5 scimitar "Kumom" {flame, *Noise Str+2 Int+5}
   (You found it in a bailey)

   Str:       It affects your strength (+2).
   Int:       It affects your intelligence (+5).
   *Noise:    It may make noises in combat.
 w - the +6 dagger "Lexozecli" {holy, Str+6}
   (You found it in a Gauntlet)

   Str:       It affects your strength (+6).
Missiles
 v - 4 silver javelins
 M - 9 curare-tipped darts
Armour
 q - a +2 pair of gloves (worn)
 u - the +0 mask of the Dragon (worn) {Will+ Slay+3 SInv}
   (You found it on level 4 of the Spider Nest)

   Slay:      It affects your accuracy & damage with ranged weapons and melee
   (+3).
   SInv:      It lets you see invisible.
   Will:      It increases your willpower.
 I - a +3 ring mail of cold resistance (worn)
 J - the +0 cloak of Gozag's Benevolence (worn) {Rampage Will+ Str+3 Dex-2}
   (You found it in a bailey)

   Str:       It affects your strength (+3).
   Dex:       It affects your dexterity (-2).
   Rampage:   It bestows one free step when moving towards enemies.
   Will:      It increases your willpower.
Magical Staves
 b - a staff of poison (weapon)
 A - a staff of air
Jewellery
 s - a +4 ring of protection (right hand) {=R}
 t - the amulet "Cetuz" (around neck) {Acrobat Fragile rC+ Dex+3}
   (You found it in an ice cave)

   [amulet of the acrobat]

   It increases your evasion while moving and waiting.
   Dex:       It affects your dexterity (+3).
   rC:        It protects you from cold.
   Fragile:   It will be destroyed if unequipped.
 E - a +6 ring of intelligence (left hand)
 H - the ring of Absolutism {Ice Str+3}
   (You found it in an ice cave)

   [ring of ice]

   It enhances your ice magic.
   Str:       It affects your strength (+3).
   rF:        It makes you vulnerable to fire.
   rC:        It protects you from cold.
Wands
 l - a wand of paralysis (19)
 D - a wand of flame (62)
 F - a wand of acid (4)
 P - a wand of mindburst (1)
 Y - a wand of digging (6)
Scrolls
 d - 3 scrolls of fog
 e - 4 scrolls of poison
 g - 2 scrolls of magic mapping
 h - 5 scrolls of teleportation
 m - 2 scrolls of blinking
 p - 4 scrolls of vulnerability
 x - a scroll of silence
 y - 4 scrolls of enchant armour
 K - 5 scrolls of identify
 O - a scroll of butterflies
 U - 4 scrolls of enchant weapon
 X - a scroll of fear
Potions
 c - 4 potions of enlightenment
 j - 12 potions of curing
 k - 3 potions of resistance
 n - 10 potions of haste
 o - a potion of might
 r - 4 potions of heal wounds
 z - 5 potions of brilliance
 N - 3 potions of ambrosia
 V - 5 potions of lignification
 W - a potion of invisibility
 Z - 4 potions of cancellation
Miscellaneous
 C - a phial of floods
 L - a tin of tremorstones (2/2)
 Q - a phantom mirror (inert)
 S - a lightning rod (4/4)
 T - a box of beasts


   Skills:
 + Level 15.5 Fighting
 - Level 2.0(2.2) Short Blades
 + Level 1.2(1.8) Long Blades
 - Level 2.0 Maces & Flails
 - Level 4.0 Throwing
 + Level 9.3 Armour
 - Level 14.0 Dodging
 - Level 4.0 Stealth
 + Level 14.7 Spellcasting
 + Level 14.7 Conjurations
 + Level 14.7 Hexes
   Level 0.0 Charms
 + Level 14.7 Summonings
 + Level 14.7 Necromancy
 + Level 14.7 Translocations
 + Level 14.7 Transmutations
 + Level 14.7 Fire Magic
 + Level 14.7 Ice Magic
 + Level 14.7 Air Magic
 + Level 14.7 Earth Magic
 + Level 14.7 Poison Magic
 - Level 12.0 Invocations
 + Level 10.7 Evocations


You knew the following spells:

 Your Spells              Type           Power      Damage    Failure   Level
a - Sting                 Tmut/Pois      100%       1d8       1%          1
b - Poisonous Vapours     Pois/Air       100%       N/A       1%          2
c - Mephitic Cloud        Conj/Pois/Air  92%        N/A       1%          3
d - Olgreb's Toxic Radia  Pois           99%        N/A       1%          4
e - Apportation           Tloc           100%       N/A       0%          1
f - Searing Ray           Conj           100%       2d8       1%          2
g - Tukima's Dance        Hex            78%        N/A       1%          3
h - Leda's Liquefaction   Hex/Erth       36%        N/A       1%          4
i - Lee's Rapid Deconstr  Erth           39%        3d19*     1%          5
j - Blade Hands           Tmut           39%        N/A       1%          5
k - Simulacrum            Ice/Necr       36%        N/A       4%          6
l - Dragon Form           Tmut           39%        N/A       12%         7
m - Death Channel         Necr           39%        N/A       1%          6
Your spell library was empty.

Dungeon Overview and Level Annotations

Branches:
Dungeon (15/15)            Temple (1/1) D:6            Lair (5/5) D:11
 Shoals (2/4) Lair:3       Spider (4/4) Lair:3        Slime (0/5) Lair:5
    Orc (2/2) D:11            Elf (0/3) Orc:2        Vaults (0/5) D:13
 Depths (0/4) D:15         Bailey (visited)           IceCv (visited)
Gauntlet (visited)

Altars:
Ashenzari
Cheibriados
Dithmenos
Elyvilon
Fedhas
Gozag
Hepliaklqana
Makhleb
Nemelex Xobeh
Okawaru
Qazlal
Ru
Trog
Uskayaw
Wu Jian
Xom
Yredelemnul
Zin
The Shining One
Lugonu

Shops:
Orc:2 (?:*   Shoals:1 *

Portals:
Abyss: Lair:5
Pandemonium: Orc:2

Annotations:
D:4 1 transporter, wolfgangpup's ghost, amateur MfGl
D:7 2 transporters, greasedhog's ghost, novice FoHu
D:10 2 runed translucent doors, TheGamechu's ghost, novice HOFi
Spider:2 2 transporters, exclusion: orange crystal statue


Innate Abilities, Weirdness & Mutations

Your life essence is reduced to manifest your ancestor. (-10% HP)
You are immune to sickness and miasma.
You are immune to poison.
Your flesh is very heat resistant. (rF++)
You are vulnerable to cold. (rC-)
You float through the air rather than walking.
You learn spells naturally, not from books.
Your magical power is your life essence.
You have superior vitality. (+4 MHP)


Message History

Illuratum blocks the sea snake's attack.
The merfolk hits you from afar with a +0 trident.
Illuratum barely misses the sea snake.
Illuratum hits the merfolk with a +0 broad axe of flaming!
Illuratum burns the merfolk.
The wind drake looks as sick as possible!
The sea snake looks even sicker.
The merfolk looks even sicker.
The merfolk impaler looks as sick as possible!
The harpy completely misses you. The harpy closely misses you.
The wind drake flaps its wings at you. The air twists around and strikes you!
A skyshark comes into view.
The merfolk hits you but does no damage.
The merfolk impaler suddenly looks very angry at the Dungeon.
Illuratum hits the sea snake with a +0 broad axe of flaming!
Illuratum burns the sea snake.
Illuratum closely misses the merfolk.
Illuratum barely misses the merfolk.
There is a stone staircase leading up here.
Casting: Olgreb's Toxic Radiance (safe; 1% risk of failure)
Confirm with . or Enter, or press ? or * to list all spells.
You feel a surge of power!
Your toxic radiance grows in intensity.
The wind drake looks as sick as possible!
The sea snake looks as sick as possible!
The merfolk looks even sicker. x2
The merfolk impaler looks as sick as possible!
The skyshark is poisoned.
The merfolk looks as sick as possible!
The harpy closely misses you. The harpy misses you. The sea snake bites you.
The merfolk hits you from afar with a +0 trident!
* * * LOW HITPOINT WARNING * * *
The wind drake flaps its wings at you. The air twists around and strikes you!
* * * LOW HITPOINT WARNING * * *
A manticore comes into view.
You kill the wind drake!
The merfolk looks as sick as possible! x2; The manticore is poisoned.
The merfolk hits you but does no damage.
The merfolk hits you from afar with a +0 trident!!
* * * LOW HITPOINT WARNING * * *
The sea snake bites you!
You die...

~~~~≈≈≈≈≈≈≈≈≈≈≈
~~~≈≈≈≈≈≈≈≈≈≈≈≈
~~≈≈≈≈≈≈≈≈≈≈≈≈≈
~≈≈≈≈≈≈≈≈≈≈≈≈≈≈
≈≈≈≈≈≈≈≈~~~≈≈≈≈
≈≈≈≈≈~~~~~~~~~~
~≈≈≈≈~~~~~~~~~~
~~l~~mS@H~~~~~~
~~~~~~R~~~~~~~~
~~~~~m~m.m~~~~~
~~~~~~~.†#.~~~~
~~~~~†..##..~~~
≈~~~~..~. ....
≈≈≈~○.°.. ...
≈≈~~~H... ..~
≈≈~~~.#...


You could see the friendly Illuratum the knight (fast, reflecting), a merfolk
impaler (confused, extremely poisoned), a skyshark (poisoned), a sea snake
(extremely poisoned, ally target), 3 merfolk, a manticore (poisoned) and a
harpy.

Vanquished Creatures
  Arachne (Spider:3)
  Jorgrun (D:13)
  Asterion (Spider:1)
  A kraken (Shoals:1)
  Kirke (Spider:1)
  An azure jelly (IceCv)
  Louise (Spider:2)
  6 emperor scorpions
  A ghost moth (Spider:4)
  A cacodemon (D:14)
  3 spark wasps
  A minotaur (Gauntlet)
  The ghost of Sleet the Cleaver, a journeyman MiFi of Qazlal (D:11)
  Josephine (D:13)
  2 entropy weavers
  Erolcha (D:11)
  A catoblepas (D:13)
  4 centaur warriors
  4 hydras
  8 boulder beetles
  2 tengu warriors
  10 two-headed ogres
  A jorogumo (Spider:4)
  5 death scarabs (Spider:4)
  Urug (Orc:1)
  A vampire mage (D:15)
  5 orc high priests (Orc:2)
  A hell hog (Gauntlet)
  2 thrashing horrors (Lair:5)
  Sonja (Orc:1)
  A deep elf knight (D:13)
  2 skysharks
  A golden dragon zombie (D:15)
  5 pharaoh ants
  2 sun moths
  A storm dragon skeleton (D:15)
  2 skeletal warriors (D:15)
  A sixfirhy (Orc:2)
  10 orb spiders
  33 slime creatures
  A glowing orange brain (D:14)
  5 steelbarb worms
  A wizard (D:15)
  A mana viper (shapeshifter) (Lair:5)
  A spectral wolf spider (Spider:4)
  10 ugly things
  Pikel (D:6)
  3 deep elf pyromancers
  A necromancer (D:15)
  6 orc knights
  2 wolf spider zombies (Spider:4)
  An orc sorcerer (Orc:2)
  2 harpies
  8 wolf spiders
  2 moths of wrath
  2 manticores
  8 cyclopes
  Maurice (D:13)
  2 smoke demons (Lair:5)
  5 elephants
  Joseph (D:7)
  A rust devil (Orc:2)
  3 ice statues
  6 black mambas
  6 cane toads
  6 demonic crawlers
  A cane toad (shapeshifter) (D:15)
  A torpor snail (Spider:2)
  3 gargoyles
  Maggie (D:8)
  A rime drake (shapeshifter) (D:14)
  3 kobold demonologists
  8 komodo dragons
  A spectral redback (Spider:4)
  A rime drake (Lair:5)
  2 tengu conjurers (D:14)
  An ancient zyme (Lair:5)
  A spriggan skeleton (D:15)
  8 trolls
  A spectral jumping spider (Spider:4)
  A wind drake (Shoals:2)
  2 hornets
  A meliai (Spider:4)
  4 polar bears
  2 spectral tarantellas (Spider:4)
  2 merfolk (Shoals:1)
  30 tarantellas
  2 wolf spider simulacra (Gauntlet)
  A jumping spider zombie (Spider:4)
  10 blink frogs
  3 tarantella zombies (Spider:4)
  A spriggan (Lair:5)
  3 centaur simulacra
  15 culicivoras
  40 jumping spiders
  A ynoxinul (Orc:2)
  16 yaks
  A human (shapeshifter) (D:14)
  2 water elementals (Shoals:1)
  7 wraiths
  5 wyverns
  A shadow (D:9)
  4 vampires
  Grum (D:8)
  2 fire bats (Gauntlet)
  7 basilisks
  2 steam dragons
  3 chaos spawn
  3 neqoxecs (D:14)
  45 redbacks
  A warg (Orc:1)
  2 large abominations (Lair:5)
  A human zombie (D:15)
  3 hell hounds (Gauntlet)
  2 acid dragons
  9 water moccasins
  31 orc warriors
  2 ice beasts (D:11)
  2 black bears
  8 ogres
  3 great orb of eyes simulacra (IceCv)
  A black bear (shapeshifter) (D:14)
  10 wolves
  13 centaurs
  7 small abominations (Lair:5)
  3 slime creature simulacra (IceCv)
  14 kobold brigands
  A scorpion (D:4)
  4 gnoll sergeants
  6 bullfrogs
  4 glowing shapeshifter simulacra (IceCv)
  10 wights
  Dowan (D:7)
  6 killer bees
  A killer bee (shapeshifter) (D:14)
  4 vampire bats (Bailey)
  3 wolf zombies (Bailey)
  6 electric eels
  A wyvern simulacrum (Gauntlet)
  3 jellies
  3 gnoll boudas
  23 orc priests
  6 hounds
  10 hell rats
  19 orc wizards
  3 shapeshifter simulacra (IceCv)
  A boggart simulacrum (Gauntlet)
  15 gnolls
  4 adders
  13 white imps
  2 worms
  3 dart slugs (D:3)
  74 orcs
  12 endoplasms
  4 giant cockroaches
  7 goblins
  3 hobgoblins
  13 jackals
  4 quokkas
  7 ball pythons
  4 bats
  2 frilled lizards (D:1)
  A frilled lizard (shapeshifter) (D:14)
  28 kobolds
  15 orc zombies (Bailey)
  3 rats
  A spectral weapon (Spider:1)
  2 tentacles (Shoals:1)
908 creatures vanquished.

Vanquished Creatures (collateral kills)
  An emperor scorpion (Spider:2)
  A ghost moth (Spider:3)
  A spark wasp (Spider:4)
  The ghost of IdlyInterested the Fighter, a journeyman DsWn (D:14)
  The ghost of LobsterGuardian the Martial Artist, a journeyman GnTm of Gozag (D:13)
  A merfolk impaler (D:13)
  2 entropy weavers (Spider:3)
  A demonspawn (Orc:2)
  3 jorogumos
  4 centaur warriors
  An ogre mage (Orc:2)
  2 radroaches (Spider:3)
  2 death scarabs (Spider:4)
  2 orc high priests (Orc:2)
  A shock serpent (shapeshifter) (D:14)
  Lodul (D:13)
  2 pharaoh ants (Spider:4)
  2 sea snakes (Shoals:1)
  An orb spider (Spider:4)
  2 steelbarb worms
  2 orc knights
  6 wolf spiders
  A cyclops (D:11)
  5 ugly things
  A spectral wolf spider (Spider:4)
  2 fauns (Shoals:1)
  3 orc sorcerers (Orc:2)
  2 manticores
  A moth of wrath (Spider:1)
  5 elephants
  4 cane toads
  A merfolk siren (Shoals:1)
  A gargoyle (D:10)
  A water nymph (Shoals:1)
  A demonic crawler (Spider:4)
  2 black mambas
  2 rime drakes
  A spectral redback (Spider:4)
  A torpor snail (Spider:1)
  A komodo dragon (Lair:1)
  A redback zombie (Spider:4)
  2 ice devils
  2 meliai (Spider:4)
  2 spectral jumping spiders (Spider:4)
  2 tarantella zombies (Spider:4)
  A blink frog (shapeshifter) (D:14)
  3 blink frogs
  6 tarantellas
  4 jumping spiders
  2 snapping turtles (Shoals:1)
  6 slime creatures
  A spriggan (Lair:5)
  4 culicivoras
  A wyvern (D:9)
  2 basilisks (Lair:5)
  A wraith (D:13)
  A ynoxinul (Lair:5)
  6 yaks
  A hog (Spider:1)
  A chaos spawn (Lair:5)
  A neqoxec (D:14)
  18 redbacks
  A warg (Orc:2)
  Duvessa (D:7)
  An acid dragon (shapeshifter) (D:14)
  3 water moccasins
  6 orc warriors
  7 ogres
  3 centaurs
  3 kobold brigands (D:9)
  5 small abominations (Lair:5)
  A gnoll sergeant (D:9)
  A bullfrog (Lair:3)
  4 wights
  2 killer bees
  3 vampire bats (Bailey)
  A howler monkey (D:9)
  3 wolf zombies (Bailey)
  6 orc priests
  A hell rat (Lair:4)
  5 gnolls
  An adder (D:6)
  A shadow imp (D:8)
  2 white imps
  10 orcs
  2 kobolds
  9 orc zombies (Bailey)
  3 butterflies (Lair:5)
228 creatures vanquished.

Vanquished Creatures (others)
  A faun (Shoals:1)
  2 humans (Spider:1)
  20 knights
  2 ancestors (D:6)
  5 tentacles (Shoals:1)
30 creatures vanquished.

Grand Total: 1166 creatures vanquished

Notes
Turn   | Place    | Note
-------+----------+-------------------------------------------
     0 | D:1      | juan097 the Djinni Venom Mage began the quest for the Orb.
     0 | D:1      | juan097 set off with the following spells memorised: Sting,
                  | Poisonous Vapours, Mephitic Cloud, Olgreb's Toxic Radiance.
     0 | D:1      | Reached XP level 1. HP: 15/15 MP: 0/0
   104 | D:1      | Reached XP level 2. HP: 18/22 MP: 0/0
   371 | D:1      | Reached skill level 1 in Fighting
   769 | D:1      | Reached XP level 3. HP: 25/27 MP: 0/0
   769 | D:1      | Learned a level 1 spell: Apportation
  1799 | D:3      | Reached XP level 4. HP: 26/32 MP: 0/0
  2161 | D:3      | Reached skill level 1 in Short Blades
  2325 | D:3      | Reached skill level 2 in Fighting
  2469 | D:3      | Reached XP level 5. HP: 26/38 MP: 0/0
  2469 | D:3      | Learned a level 2 spell: Searing Ray
  3003 | D:4      | Reached XP level 6. HP: 38/45 MP: 0/0
  3074 | D:4      | Found a shadowy altar of Dithmenos.
  3143 | D:4      | Noticed a black bear
  3162 | D:4      | Killed a black bear
  3163 | D:4      | Reached skill level 3 in Fighting
  3464 | D:4      | Reached XP level 7. HP: 34/50 MP: 0/0
  3464 | D:4      | Learned a level 3 spell: Tukima's Dance
  3527 | D:4      | Found a glowing silver altar of Zin.
  3616 | D:4      | You are sucked into a shaft and drop 2 floors!
  3621 | D:6      | Found a staircase to the Ecumenical Temple.
  3657 | Temple   | Entered the Ecumenical Temple
  3884 | Temple   | Became a worshipper of Hepliaklqana the Forgotten
  4046 | D:5      | Entered Level 5 of the Dungeon
  4118 | D:5      | Noticed a wyvern
  4224 | D:4      | Reached skill level 4 in Fighting
  4342 | D:4      | Found a transporter.
  4349 | D:4      | Identified the +12 great mace of Neurosis {flame, Int+3}
  4349 | D:4      | Noticed wolfgangpup's ghost (amateur MfGl)
  4532 | D:5      | Killed a wyvern
  4533 | D:5      | Reached XP level 8. HP: 11/58 MP: 0/0
  4843 | D:5      | Reached skill level 5 in Spellcasting
  4843 | D:5      | Reached skill level 5 in Conjurations
  4843 | D:5      | Reached skill level 5 in Hexes
  4843 | D:5      | Reached skill level 5 in Summonings
  4843 | D:5      | Reached skill level 5 in Necromancy
  4843 | D:5      | Reached skill level 5 in Translocations
  4843 | D:5      | Reached skill level 5 in Transmutations
  4843 | D:5      | Reached skill level 5 in Fire Magic
  4843 | D:5      | Reached skill level 5 in Ice Magic
  4843 | D:5      | Reached skill level 5 in Air Magic
  4843 | D:5      | Reached skill level 5 in Earth Magic
  4843 | D:5      | Reached skill level 5 in Poison Magic
  5284 | D:5      | Found a sacrificial altar of Ru.
  5285 | D:5      | Found a glowing golden altar of the Shining One.
  5286 | D:5      | Found a burning altar of Makhleb.
  5366 | D:5      | Reached * piety under Hepliaklqana
  6430 | D:7      | Noticed Pikel
  6440 | D:6      | Killed Pikel
  6441 | D:6      | Reached XP level 9. HP: 41/55 MP: 0/0
  6441 | D:6      | Learned a level 4 spell: Leda's Liquefaction
  6490 | D:7      | Noticed Duvessa
  6490 | D:7      | Noticed Dowan
  6490 | D:7      | Found a transporter.
  6761 | D:7      | Found a transporter.
  6762 | D:7      | Noticed a cyclops
  6764 | D:7      | Noticed greasedhog's ghost (novice FoHu)
  6776 | D:7      | Killed Duvessa
  6779 | D:7      | Killed Dowan
  6857 | D:7      | Reached skill level 1 in Maces & Flails
  6976 | D:7      | Noticed Joseph
  6986 | D:7      | Killed Joseph
  7142 | D:7      | Reached ** piety under Hepliaklqana
  7143 | D:7      | Remembered your ancestor Illuratum as a knight
  7191 | D:7      | Reached skill level 5 in Fighting
  7512 | D:8      | Noticed Maggie
  7525 | D:8      | Killed Maggie
  7526 | D:8      | Reached XP level 10. HP: 39/64 MP: 0/0
  7528 | D:8      | Found a flagged portal.
  7612 | Bailey   | Entered a bailey
  7656 | Bailey   | Reached skill level 6 in Fighting
  7806 | Bailey   | Reached skill level 1 in Armour
  8200 | Bailey   | Noticed a gargoyle
  8208 | Bailey   | Killed a gargoyle
  8250 | Bailey   | Reached skill level 5 in Dodging
  8340 | Bailey   | Identified the +5 scimitar "Kumom" {flame, *Noise Str+2
                  | Int+5}
  8342 | Bailey   | Identified the +0 cloak of Gozag's Benevolence {Rampage
                  | Will+ Str+3 Dex-2}
  8560 | D:8      | Reached skill level 1 in Invocations
  8563 | D:8      | Reached skill level 7 in Fighting
  9337 | D:8      | Noticed Grum
  9343 | D:8      | Reached XP level 11. HP: 63/71 MP: 0/0
  9343 | D:8      | Learned a level 5 spell: Lee's Rapid Deconstruction
  9347 | D:8      | Killed Grum
  9368 | D:8      | Noticed a two-headed ogre
  9373 | D:8      | Killed a two-headed ogre
  9479 | D:8      | Identified the +0 cloak of the Gloaming {Harm Fly rF+
                  | Str-5}
  9712 | D:9      | Reached skill level 8 in Fighting
  9810 | D:9      | Reached *** piety under Hepliaklqana
 10133 | D:9      | Reached skill level 1 in Throwing
 10386 | D:9      | Reached skill level 9 in Fighting
 10392 | D:9      | Noticed a deep elf pyromancer
 10392 | D:9      | Noticed a centaur warrior
 10396 | D:9      | Noticed a deep elf pyromancer
 10397 | D:9      | Noticed a four-headed hydra
 10400 | D:9      | Killed a deep elf pyromancer
 10404 | D:9      | Killed a centaur warrior
 10404 | D:9      | Noticed a cyclops
 10406 | D:9      | Killed a cyclops
 10407 | D:9      | Killed a deep elf pyromancer
 10407 | D:9      | Killed a four-headed hydra
 10408 | D:9      | Reached XP level 12. HP: 29/81 MP: 0/0
 11051 | D:9      | Noticed a sixfirhy
 11055 | D:9      | Noticed a sun demon
 11057 | D:9      | Reached skill level 10 in Fighting
 11425 | D:9      | Reached skill level 10 in Spellcasting
 11425 | D:9      | Reached skill level 10 in Conjurations
 11425 | D:9      | Reached skill level 10 in Hexes
 11425 | D:9      | Reached skill level 10 in Summonings
 11425 | D:9      | Reached skill level 10 in Necromancy
 11425 | D:9      | Reached skill level 10 in Translocations
 11425 | D:9      | Reached skill level 10 in Transmutations
 11425 | D:9      | Reached skill level 10 in Fire Magic
 11425 | D:9      | Reached skill level 10 in Ice Magic
 11425 | D:9      | Reached skill level 10 in Air Magic
 11425 | D:9      | Reached skill level 10 in Earth Magic
 11425 | D:9      | Reached skill level 10 in Poison Magic
 11638 | D:10     | Entered Level 10 of the Dungeon
 11681 | D:10     | Found a broken altar of Ashenzari.
 11704 | D:10     | Found a runed translucent door.
 11742 | D:10     | Noticed a boulder beetle
 11743 | D:10     | Noticed a skeletal warrior
 11743 | D:10     | Noticed a fire crab
 11744 | D:10     | Noticed a lich
 11744 | D:10     | Noticed a skeletal warrior
 11746 | D:10     | Noticed TheGamechu's ghost (novice HOFi)
 11751 | D:10     | Found a runed translucent door.
 11980 | D:10     | Reached **** piety under Hepliaklqana
 12638 | D:11     | Noticed Sleet's ghost (journeyman MiFi)
 12722 | D:11     | Found a runed translucent gate.
 12722 | D:11     | Found a runed translucent gate.
 12722 | D:11     | Found a runed translucent gate.
 12735 | D:11     | Noticed a boulder beetle
 12744 | D:11     | Killed a boulder beetle
 12942 | D:11     | Noticed a boulder beetle
 12952 | D:11     | Killed a boulder beetle
 13196 | D:11     | Found a staircase to the Orcish Mines.
 13203 | D:11     | Noticed Erolcha
 13209 | D:11     | Killed Erolcha
 13427 | D:11     | Reached XP level 13. HP: 40/86 MP: 0/0
 13427 | D:11     | Learned a level 5 spell: Blade Hands
 13757 | D:11     | Found a staircase to the Lair.
 13874 | Lair:1   | Entered Level 1 of the Lair of Beasts
 14177 | Lair:1   | Reached ***** piety under Hepliaklqana
 15644 | Lair:2   | Reached skill level 5 in Armour
 16094 | Lair:3   | Reached skill level 11 in Fighting
 16344 | Lair:3   | Found a gate leading to a gauntlet.
 16367 | Gauntlet | Entered a Gauntlet
 16367 | Gauntlet | Found a large runed translucent door.
 16367 | Gauntlet | Found a large runed translucent door.
 16367 | Gauntlet | Found a large runed translucent door.
 16367 | Gauntlet | Found a large runed translucent door.
 16367 | Gauntlet | Found a runed translucent door.
 16367 | Gauntlet | Found a large runed translucent door.
 16367 | Gauntlet | Found a large runed translucent door.
 16367 | Gauntlet | Found a transporter.
 16367 | Gauntlet | Found a transporter.
 16367 | Gauntlet | Found a large runed translucent door.
 16367 | Gauntlet | Found a large runed translucent door.
 16367 | Gauntlet | Found a runed translucent gate.
 16367 | Gauntlet | Found a runed translucent gate.
 16367 | Gauntlet | Found a transporter.
 16367 | Gauntlet | Found a transporter.
 16455 | Gauntlet | Found a transporter.
 16456 | Gauntlet | Found a runed translucent gate.
 16456 | Gauntlet | Found a runed translucent door.
 16467 | Gauntlet | Found a transporter.
 16469 | Gauntlet | Found a transporter.
 16472 | Gauntlet | Noticed a catoblepas
 16479 | Gauntlet | Found a transporter.
 16526 | Gauntlet | Found a large runed translucent door.
 16526 | Gauntlet | Found a large runed translucent door.
 16527 | Gauntlet | Found a large runed translucent door.
 16528 | Gauntlet | Found a large runed translucent door.
 16529 | Gauntlet | Found a large runed translucent door.
 16529 | Gauntlet | Found a large runed translucent door.
 16530 | Gauntlet | Found a large runed translucent door.
 16531 | Gauntlet | Found a large runed translucent door.
 16571 | Gauntlet | Found a transporter.
 16581 | Gauntlet | Found a transporter.
 16585 | Gauntlet | Found a transporter.
 16595 | Gauntlet | Found a transporter.
 16831 | Gauntlet | Identified the ring of Sodiecix {Fly Dex+5 Slay+3}
 16982 | Gauntlet | Noticed a minotaur
 16989 | Gauntlet | Killed a minotaur
 17011 | Gauntlet | Identified the +6 dagger "Lexozecli" {holy, Str+6}
 17073 | Lair:3   | Reached ****** piety under Hepliaklqana
 17082 | Lair:3   | Reached XP level 14. HP: 80/95 MP: 0/0
 17171 | Lair:3   | Reached skill level 12 in Fighting
 17400 | Lair:3   | Found a hole to the Spider Nest.
 17409 | Lair:3   | Reached skill level 1 in Evocations
 17637 | Lair:3   | You are sucked into a shaft and drop 1 floor!
 18010 | Lair:4   | Identified the +2 leather armour of Pout {rElec}
 18587 | Lair:4   | Reached skill level 5 in Invocations
 18681 | Lair:5   | Entered Level 5 of the Lair of Beasts
 18748 | Lair:5   | Found a frozen archway.
 18986 | IceCv    | Entered an ice cave
 19786 | IceCv    | Noticed an azure jelly
 19789 | IceCv    | Killed an azure jelly
 20139 | IceCv    | Found a viscous altar of Jiyva.
 20156 | IceCv    | Identified the amulet "Cetuz" {Acrobat Fragile rC+ Dex+3}
 20160 | IceCv    | Got the ring of Absolutism {Ice Str+3}
 20161 | IceCv    | Identified the ring "Hobro" {Fire rPois Will- Str+5 SInv}
 20789 | Lair:5   | Reached XP level 15. HP: 27/101 MP: 0/0
 20789 | Lair:5   | Learned a level 6 spell: Simulacrum
 21520 | Lair:5   | Reached skill level 13 in Fighting
 21520 | Lair:5   | Reached skill level 5 in Evocations
 21684 | Lair:5   | Reached skill level 10 in Dodging
 21874 | Lair:5   | Found a corrupted altar of Lugonu.
 21874 | Lair:5   | Found a one-way gate to the infinite horrors of the Abyss.
 22188 | Lair:5   | Found a staircase to the Slime Pits.
 22367 | Orc:1    | Entered Level 1 of the Orcish Mines
 22367 | Orc:1    | Noticed Sonja
 22370 | Orc:1    | Killed Sonja
 22606 | Orc:1    | Noticed Urug
 22615 | Orc:1    | Killed Urug
 22891 | Orc:2    | Entered Level 2 of the Orcish Mines
 22975 | Orc:2    | Found a staircase to the Elven Halls.
 24057 | Orc:2    | Found Juemecoph's General Store.
 24259 | Orc:2    | Found Pyaschupt's Magic Scroll Emporium.
 24962 | Orc:2    | Reached XP level 16. HP: 78/109 MP: 0/0
 25174 | Orc:2    | Found Paihuof's Antique Weapon Boutique.
 25174 | Orc:2    | Found Color's Book Shop.
 25175 | Orc:2    | Found a one-way gate leading to the halls of Pandemonium.
 25552 | Orc:2    | Bought a scroll of blinking for 112 gold pieces
 25552 | Orc:2    | Bought a scroll of teleportation for 45 gold pieces
 25560 | Orc:2    | Bought a scroll of identify for 30 gold pieces
 25560 | Orc:2    | Bought a scroll of identify for 30 gold pieces
 25560 | Orc:2    | Bought a scroll of identify for 30 gold pieces
 25560 | Orc:2    | Bought a scroll of identify for 30 gold pieces
 25566 | Orc:2    | Bought a scroll of identify for 32 gold pieces
 25566 | Orc:2    | Bought a scroll of identify for 32 gold pieces
 25566 | Orc:2    | Bought a scroll of identify for 32 gold pieces
 25579 | Orc:2    | Bought a scroll of silence for 142 gold pieces
 25775 | Lair:3   | Found a staircase to the Shoals.
 26125 | D:11     | Killed Sleet's ghost
 26931 | D:12     | Reached skill level 14 in Fighting
 27553 | D:13     | Noticed Lodul
 27557 | D:13     | Killed Lodul
 27783 | D:13     | Noticed Maurice
 27788 | D:13     | Killed Maurice
 27849 | D:13     | Noticed Jorgrun
 27857 | D:13     | Killed Jorgrun
 27956 | D:13     | Found a gate to the Vaults.
 28322 | D:13     | Found a runed translucent gate.
 28322 | D:13     | Found a runed translucent gate.
 28322 | D:13     | Found a runed translucent gate.
 28326 | D:13     | Noticed LobsterGuardian's ghost (journeyman GnTm)
 28328 | D:13     | Found an iron altar of Okawaru.
 28351 | D:13     | Killed Josephine
 29108 | D:13     | Killed LobsterGuardian's ghost
 29109 | D:13     | Reached skill level 10 in Invocations
 30408 | D:14     | Found a runed translucent gate.
 30408 | D:14     | Found a runed translucent gate.
 30409 | D:14     | Found a runed translucent gate.
 30698 | D:14     | Reached XP level 17. HP: 88/116 MP: 0/0
 30698 | D:14     | Learned a level 7 spell: Dragon Form
 30808 | D:14     | Found a runed translucent gate.
 30808 | D:14     | Found a runed translucent gate.
 30817 | D:14     | Noticed IdlyInterested's ghost (journeyman DsWn)
 30818 | D:14     | Found a runed translucent gate.
 30883 | D:14     | Killed IdlyInterested's ghost
 31090 | D:15     | Entered Level 15 of the Dungeon
 31111 | D:15     | Found a faded altar of an unknown god.
 31512 | D:15     | Found a faded altar of an unknown god.
 31512 | D:15     | Found a faded altar of an unknown god.
 31514 | D:15     | Found a hazy altar of Hepliaklqana.
 31948 | D:15     | Found a staircase to the Depths.
 32547 | Spider:1 | Entered Level 1 of the Spider Nest
 33918 | Spider:1 | Noticed Kirke
 33924 | Spider:1 | Killed Kirke
 34512 | Spider:2 | Noticed Asterion
 35108 | Spider:1 | Killed Asterion
 35266 | Spider:2 | Found a transporter.
 35271 | Spider:2 | Found a transporter.
 35965 | Spider:2 | Identified the +5 plate armour of Unambiguity {Fly Will+
                  | Stlth+}
 36153 | Spider:2 | Noticed Louise
 36160 | Spider:2 | Killed Louise
 36161 | Spider:2 | Reached XP level 18. HP: 109/122 MP: 0/0
 37444 | Spider:3 | Noticed Arachne
 37867 | Spider:3 | Killed Arachne
 37912 | Spider:4 | Entered Level 4 of the Spider Nest
 38299 | Spider:4 | Reached skill level 15 in Fighting
 38878 | Spider:4 | Reached skill level 10 in Evocations
 39359 | Spider:4 | HP: 6/120 [spectral wolf spider (2)]
 40230 | Spider:4 | Reached XP level 19. HP: 72/128 MP: 0/0
 40230 | Spider:4 | Learned a level 6 spell: Death Channel
 41054 | Spider:4 | Found the +0 mask of the Dragon {Will+ Slay+3 SInv}
 41108 | Spider:4 | Got a gossamer rune of Zot
 41326 | Shoals:1 | Entered Level 1 of the Shoals
 41452 | Shoals:1 | Identified the +0 ring mail "Cetwoxuc" {Dex+4}
 41914 | Shoals:1 | Reached skill level 1 in Long Blades
 41965 | Shoals:1 | Found Muzikh's General Store.
 42066 | Shoals:1 | Bought a scroll of teleportation for 39 gold pieces
 42066 | Shoals:1 | Bought a scroll of enchant armour for 97 gold pieces
 42268 | Shoals:2 | Slain by a sea snake

Illustrated notes

Levels and vault maps discovered:
D:1:      scummos_arrival_gate, layout_loops_ring
D:2:      layout_loops_ring
D:3:      layout_basic, minmay_cupped
D:4:      layout_cave_pools, zin_statuary,
          nicolae_dithmenos_through_a_glass_darkly, gammafunk_ghost_smash
D:5:      nicolae_BIG_FREAKIN_CUBE, layout_cave_pools,
          gammafunk_temple_overflow_forgotten, kennysheep_nondescript,
          kennysheep_small_circle
D:6:      layout_basic, minmay_temple_entry_arrows
D:7:      layout_cave_pools, gammafunk_ghost_arena, uniq_duvessa, uniq_pikel,
          uniq_joseph
D:8:      layout_basic, enter_bailey_2, uniq_grum, uniq_maggie
D:9:      minmay_the_grid_octo_tiled_squarecenter [minmay_the_grid_octo_focus,
          minmay_the_grid_octo_fan_narrow, minmay_the_grid_octo_thin_diamonds,
          minmay_the_grid_octo_odd_swirl,
          minmay_the_grid_square_5x5_megaprize_crossed,
          minmay_the_grid_square_5x5_longway, minmay_the_grid_square_5x5_bridge,
          minmay_the_grid_square_5x5_doubleslash,
          minmay_the_grid_square_5x5_trominoes], layout_loops_corners,
          special_room [special_room_kobold], minivault_25
D:10:     layout_irregular_city, nicolae_ashenzari_panopticon,
          muffindrake_ghost_dual_entry, amcnicky_mini_corridor_feature
D:11:     layout_basic, david_lair_shrubbed, orc_david_3, gammafunk_ghost_icy,
          minmay_misc_feat_nine_boxes, uniq_erolcha
D:12:     layout_cave_pools, serial_bayou_lake_a
D:13:     layout_basic, david_vaults_1, gammafunk_ghost_fury_of_okawaru,
          uniq_lodul, uniq_josephine, uniq_maurice, uniq_jorgrun
D:14:     layout_cave_pods, ploomutoo_gammafunk_ghost_potion_laboratory
D:15:     gammafunk_depths_entry_grave, layout_cave_pools,
          nicolae_hepliaklqana_ecumenical_no_more, serial_column_ruins,
          column_ruins_temple_circle, column_ruins_corridor_corner,
          column_ruins_corridor_straight, column_ruins_grid_1,
          column_ruins_grid_1
Temple:   nicolae_temple_slightly_damp_pantheon
Lair:1:   wander_river, layout_regular_city, serial_bayou_shore_b,
          serial_bayou_shore_a
Lair:2:   layout_cellular_growth, infiniplex_staircase_pool
Lair:3:   layout_misc_corridors, nicolae_shoals_entry_roost,
          nicolae_spider_entry_orb_guardian, gauntlet_entry_generic
Lair:4:   layout_loops_ring, grunt_megastairs_3
Lair:5:   hellmonk_lair_end_abyssal_woods, layout_gridlike,
          dpeg_slime_entry_enclosed, portal_ice_cave_entry_imps,
          lemuel_fruit_fields, lemuel_fruit_tree, infiniplex_staircase_pool_2
Shoals:1: layout_shoals, serial_shops, nicolae_shop_advertising_works
          [nicolae_subvault_shop_adworks]
Shoals:2: nicolae_shoals_offshore_bank_account, layout_shoals,
          nicolae_shoals_aquamancer_cove
Spider:1: layout_spider_delve, uniq_kirke
Spider:2: gammafunk_sealed_arena, nicolae_spider_jagged_tunnels, uniq_louise,
          uniq_asterion
Spider:3: layout_cave_pods, uniq_arachne
Spider:4: floodkiller_spider_rune_tomb, hellmonk_narrow_tunnel
Orc:1:    layout_caves, uniq_urug, uniq_sonja
Orc:2:    pf_orc_diabolical, layout_caves, nicolae_orc_crystal_geode

Skill      XL: |  1  2  3  4  5  6  7  8  9 10 11 12 13 14 15 16 17 18 19 |
---------------+----------------------------------------------------------+-----
Spellcasting   | 4 7 8 9 11 12 13 14 | 14.7
Conjurations   | 4 7 8 9 11 12 13 14 | 14.7
Hexes          | 4 7 8 9 11 12 13 14 | 14.7
Summonings     | 4 7 8 9 11 12 13 14 | 14.7
Necromancy     | 4 7 8 9 11 12 13 14 | 14.7
Translocations | 4 7 8 9 11 12 13 14 | 14.7
Transmutations | 4 7 8 9 11 12 13 14 | 14.7
Fire Magic     | 4 7 8 9 11 12 13 14 | 14.7
Ice Magic      | 4 7 8 9 11 12 13 14 | 14.7
Air Magic      | 4 7 8 9 11 12 13 14 | 14.7
Earth Magic    | 4 7 8 9 11 12 13 14 | 14.7
Poison Magic   | 4 7 8 9 11 12 13 14 | 14.7
Fighting       | 1 2 3 4 5 7 9 10 11 12 13 14 15 | 15.5
Stealth        | 2 3 4 |  4.0
Short Blades   | 1 2 |  2.0
Maces & Flails | 2 |  2.0
Dodging        | 4 6 8 9 11 12 13 14 | 14.0
Armour         | 3 6 7 8 9 |  9.3
Invocations    | 2 4 6 8 10 11 12 | 12.0
Throwing       | 3 4 |  4.0
Evocations     | 4 7 8 9 10 | 10.7
Long Blades    | 1 |  1.2

Action                     |  1- 3 |  4- 6 |  7- 9 | 10-12 | 13-15 | 16-18 | 19-21 || total
---------------------------+-------+-------+-------+-------+-------+-------+-------++-------
  Melee: Dagger            |    15 |    15 |     4 |     1 |     1 |    21 |    10 ||    67
         Whip              |       |       |     7 |       |       |       |       ||     7
         Staff             |       |       |       |     1 |     5 |    31 |     3 ||    40
         Scimitar          |       |       |       |    12 |    19 |     1 |     5 ||    37
         Punch             |       |       |       |       |     1 |     2 |       ||     3
  Throw: Dart              |       |       |       |       |     1 |     5 |       ||     6
   Cast: Sting             |    59 |    45 |    20 |       |       |       |       ||   124
         Poisonous Vapours |    38 |    57 |    62 |    80 |    57 |     2 |       ||   296
         Searing Ray       |       |       |    40 |   107 |    97 |    13 |       ||   257
         Olgreb's Toxic Ra |       |       |     7 |    38 |   126 |   232 |    24 ||   427
         Tukima's Dance    |       |       |     1 |     1 |       |       |       ||     2
         Mephitic Cloud    |       |       |     1 |       |    24 |    28 |     7 ||    60
         Lee's Rapid Decon |       |       |       |     5 |   169 |   344 |    47 ||   565
         Simulacrum        |       |       |       |       |       |     2 |       ||     2
 Invoke: Recall Ancestor   |       |       |     2 |       |     2 |    10 |     1 ||    15
         Ancestor Identity |       |       |     1 |       |       |       |       ||     1
         Ancestor Life: Kn |       |       |     1 |       |       |       |       ||     1
         Idealise          |       |       |       |       |     1 |     4 |       ||     5
         Transference      |       |       |       |       |       |     3 |       ||     3
  Evoke: Lightning rod     |       |       |       |       |     2 |     6 |       ||     8
         Wand              |       |       |       |       |     3 |    50 |     3 ||    56
         Phantom mirror    |       |       |       |       |     1 |     2 |       ||     3
         Box of beasts     |       |       |       |       |     1 |     1 |       ||     2
         Phial of floods   |       |       |       |       |       |     1 |       ||     1
    Use: Scroll            |       |       |     9 |     5 |    11 |    20 |       ||    45
         Potion            |       |       |       |       |     2 |     4 |       ||     6
   Stab: Sleeping          |     2 |     2 |     2 |       |     1 |     1 |       ||     8
         Confused          |       |       |       |       |     1 |       |       ||     1
         Paralysed         |       |       |       |       |       |    22 |    10 ||    32
         Distracted        |       |       |       |       |       |       |     1 ||     1
 Armour: Robe              |     8 |     3 |       |       |       |       |       ||    11
         Ring mail         |       |     9 |    16 |    65 |    69 |   123 |     4 ||   286
  Dodge: Dodged            |    40 |    31 |    52 |    82 |   145 |   357 |    31 ||   738

Table legend: (Time is in decaauts)
 A = Elapsed time spent in this place.
 B = Non-inter-level travel time spent in this place.
 C = Inter-level travel time spent in this place.
 D = Time resting spent in this place.
 E = Time spent auto-exploring this place.
 F = Levels seen in this place.
 G = Mean time per level.
                   A        B        C        D        E       F      G
               +--------+--------+--------+--------+--------+-----+--------+
         Total |  42251 |  40246 |   2005 |   1684 |  31426 |  32 | 1320.3 |
       Dungeon |  19269 |  18400 |    869 |    272 |  15051 |  15 | 1284.6 |
        Temple |    241 |    206 |     35 |      0 |    187 |   1 |  241.0 |
          Lair |   7587 |   7016 |    571 |    766 |   5098 |   5 | 1517.4 |
        Shoals |    917 |    895 |     22 |      0 |    765 |   2 |  458.5 |
   Spider Nest |   8130 |   7856 |    274 |    520 |   5841 |   4 | 2032.5 |
  Orcish Mines |   3254 |   3022 |    232 |      4 |   2470 |   2 | 1627.0 |
        Bailey |    912 |    912 |      0 |      0 |    636 |   1 |  912.0 |
      Ice Cave |   1256 |   1256 |      0 |     56 |    949 |   1 | 1256.0 |
      Gauntlet |    681 |    681 |      0 |     66 |    429 |   1 |  681.0 |
               +--------+--------+--------+--------+--------+-----+--------+

Top non-repeatable levels by time:
Spider:4: 3222 daAuts
   Orc:2: 2650 daAuts
Spider:1: 2210 daAuts
     D:9: 2200 daAuts
    D:13: 2087 daAuts
  Lair:5: 2067 daAuts
    D:11: 2063 daAuts
    D:14: 1797 daAuts
  Lair:3: 1754 daAuts
Spider:2: 1592 daAuts
  Lair:2: 1356 daAuts
     D:6: 1327 daAuts
   IceCv: 1256 daAuts
    D:15: 1251 daAuts
  Lair:4: 1247 daAuts
